 Dungeon Crawl Stone Soup version 0.30-a0-241-g1121274140 (webtiles) character file.

Game seed: 1213262790055663868

1677 greasedhog the Cudgeller (level 9, 0/54 HPs)
             Began as a Gargoyle Chaos Knight on Oct 11, 2022.
             Was a Plaything of Xom.
             Slain by Grinder the hell beast (12 damage)
             ... on level 5 of the Dungeon.
             The game lasted 00:10:30 (3753 turns).

greasedhog the Cudgeller (Gargoyle Chaos Knight)    Turns: 3753, Time: 00:10:32

Health: 0/54       AC: 13    Str: 19      XL:     9   Next: 1%
Magic:  9/9        EV: 12    Int: 14      God:    Xom [.*....]
Gold:   228        SH:  0    Dex:  8 (9)  Spells: 8/8 levels left

rFire   . . .      SeeInvis +    e - +5 dagger
rCold   . . .      Faith    .    (no shield)
rNeg    + . .      Spirit   .    b - +2 leather armour
rPois   ∞          Reflect  .    (no helmet)
rElec   +          Harm     .    j - +0 cloak
rCorr   .          Rampage  .    (no gloves)
Will    +....      Clarity  +    (no boots)
Stlth   +.........               i - amulet of regeneration
HPRegen 1.09/turn                k - ring of see invisible
MPRegen 0.11/turn                (no ring)

@: cleaving, unable to read
A: sickness immunity, AC +6, negative energy resistance 1, electricity
resistance, torment resistance 1, petrification resistance, see invisible,
clarity, deterioration 1, strong-willed 1, wild magic 1, inability to read after
injury 1
a: Renounce Religion


You were on level 5 of the Dungeon.
You worshipped Xom.
You were a plaything of Xom.
You visited 1 branch of the dungeon, and saw 5 of its levels.

You collected 228 gold pieces.

Inventory:

Hand Weapons
 a - a +0 mace of chaos
 e - a +5 dagger (weapon)
Armour
 b - a +2 leather armour (worn)
 j - a +0 cloak (worn)
Jewellery
 i - an amulet of regeneration (around neck)
 k - a ring of see invisible (left hand)
Wands
 r - a wand of mindburst (8)
Scrolls
 l - 4 scrolls of magic mapping {unknown}
 m - 3 scrolls of enchant armour {unknown}
 n - 2 scrolls of teleportation
 o - a scroll of amnesia {unknown}
Potions
 d - 2 potions of cancellation
 f - a potion of brilliance
 g - a potion of heal wounds {unknown}
 h - 3 potions of haste {unknown}
 p - a potion of degeneration {unknown}
 q - a potion of curing {unknown}
Miscellaneous
 c - a piece from Xom's chessboard (12/15) (quivered)


   Skills:
 - Level 5.2 Fighting
 * Level 7.1 Maces & Flails
 - Level 5.2 Armour
 * Level 4.3 Dodging
 * Level 4.0 Evocations


You had 8 spell levels left.
You didn't know any spells.
Your spell library contained the following spells:

 Spells                   Type           Power      Damage    Failure   Level
 Necrotise                Necr           0%         1d4       41%         1
 Vampiric Draining        Necr           0%         2d6       77%         3
 Agony                    Necr           0%         N/A       100%        5


Dungeon Overview and Level Annotations

Branches:
Dungeon (5/15)
 Temple: D:4-7

Altars:
Kikubaaqudgha
Ru
Xom

Shops:
D:3 [

Annotations:
D:5 1 runed translucent door, Crazy Yiuf, Grinder


Innate Abilities, Weirdness & Mutations

You are immune to sickness and miasma.
Your stone body is resilient. (AC +6)
You are immune to poison.
You resist negative energy. (rN+)
You are resistant to electric shocks. (rElec)
You are resistant to unholy torment.
You are immune to petrification.
You have supernaturally acute eyesight. (SInv)
You possess an exceptional clarity of mind.
Your body sometimes deteriorates upon taking damage.
You are strong-willed. (Will+)
Your spells are a little harder to cast, but a little more powerful.
You occasionally lose the ability to read scrolls when taking damage.


Message History

"Go forth and cause havoc, mortal!"
Your +5 dagger looks sharp.
Grinder bellows, "Submit, thou jarring moldwarp boar-pig!"
You make a move on Xom's chessboard...
Grinder resists with significant effort.
You make a move on Xom's chessboard...
Grinder flickers and vanishes for a moment.
You make a move on Xom's chessboard...
Grinder seems to grow stronger.
Grinder barely misses you. Grinder tramples you!!
You stumble backwards!
You barely miss Grinder.
Grinder is moderately wounded.
Grinder closely misses you.
Grinder tramples you but does no damage.
Grinder barely misses you. x2
You miss Grinder.
Grinder is moderately wounded.
Grinder bites you!
Your body deteriorates!
You feel clumsy. Grinder tramples you.
You stumble backwards!
Aiming: Mindburst
Press: ? - help, Shift-Dir - straight line, f/p - Grinder
Aim: Grinder the hell beast (moderately wounded, strong, slightly transparent, chance to affect: 79%) Grinder's mind is blasted!!
Grinder screams, "Flounder, thou tasty lunch!"
Grinder bites you!
* * * LOW HITPOINT WARNING * * *
Grinder closely misses you. x2; Grinder barely misses you.
Aiming: Mindburst
Press: ? - help, Shift-Dir - straight line, f/p - Grinder
Aim: Grinder the hell beast (heavily wounded, strong, slightly transparent, chance to affect: 79%) Grinder's mind is blasted!!
Grinder bites you but does no damage. Grinder tramples you.
* * * LOW HITPOINT WARNING * * *
You hold your ground!
Aiming: Mindburst
Press: ? - help, Shift-Dir - straight line, f/p - Grinder
Aim: Grinder the hell beast (severely wounded, strong, slightly transparent, chance to affect: 79%) Grinder's mind is blasted!
Grinder bites you!
You feel threatened and lose the ability to read scrolls!
You die...

....##.....#
..........## ..........#
..........#
.........##########
..>......##.......##
....##.............#
....##.............#
................@..#
.........##.....2..#
.........##........#
....##...##........#
....##...##...........
....##.................#
.......................#
...... .................
....# ..##.........<...


You could see Grinder the hell beast (strong, invisible).

Vanquished Creatures
  A water moccasin (D:5)
  2 black bears (D:5)
  3 phantoms
  3 necrophages
  2 scorpions
  A wight (D:4)
  2 howler monkeys (D:5)
  A bullfrog zombie (D:4)
  A human zombie (D:4)
  A jelly (D:5)
  An iguana (D:5)
  2 orc wizards (D:5)
  A mummy (D:4)
  A howler monkey zombie (D:4)
  2 adders
  3 gnolls
  2 ufetubi (D:5)
  2 adder zombies (D:4)
  5 dart slugs
  2 orcs
  8 bats
  8 endoplasms
  9 giant cockroaches
  5 goblins
  8 hobgoblins
  2 jackals (D:1)
  9 kobolds
  5 quokkas
  7 ball pythons
  3 frilled lizards
  7 rats
109 creatures vanquished.

Vanquished Creatures (collateral kills)
  An orc warrior (D:4)
  An ogre (D:4)
  A scorpion (D:5)
  A bullfrog zombie (D:4)
  An orc priest (D:4)
  A hound (D:5)
  An orc wizard (D:4)
  A scorpion zombie (D:4)
  A mummy (D:4)
  An adder zombie (D:4)
  2 orcs
  A hobgoblin (D:4)
13 creatures vanquished.

Grand Total: 122 creatures vanquished

Notes
Turn   | Place    | Note
-------+----------+-------------------------------------------
     0 | D:1      | greasedhog the Gargoyle Chaos Knight began the quest for
                  | the Orb.
     0 | D:1      | Reached XP level 1. HP: 14/14 MP: 1/1
    45 | D:1      | Reached XP level 2. HP: 19/19 MP: 2/2
    62 | D:1      | XOM: silly message
   192 | D:1      | XOM: smoke on damage
   323 | D:1      | Reached XP level 3. HP: 24/24 MP: 3/3
   429 | D:1      | XOM: divination: detect items
   536 | D:1      | XOM: silly message
   585 | D:1      | XOM: cloud trail
  1060 | D:2      | Reached XP level 4. HP: 27/29 MP: 4/4
  1168 | D:2      | XOM: snakes to sticks
  1334 | D:2      | Found a faded altar of an unknown god.
  1334 | D:2      | XOM: 4-stop teleportation journey
  1497 | D:2      | XOM: give mutations
  1497 | D:2      | Gained mutation: Your body sometimes deteriorates upon
                  | taking damage. [Xom's mischief]
  1497 | D:2      | Gained mutation: You occasionally lose the ability to read
                  | scrolls when taking damage. [Xom's mischief]
  1655 | D:3      | Found Xyniamn's Armour Shop.
  1993 | D:3      | Found a shimmering altar of Xom.
  2120 | D:3      | XOM: summons 1 hostile demon
  2287 | D:4      | Noticed a phantom
  2302 | D:4      | XOM: fog
  2307 | D:4      | Killed a phantom
  2308 | D:4      | Reached skill level 4 in Maces & Flails
  2308 | D:4      | Reached XP level 5. HP: 34/34 MP: 5/5
  2338 | D:4      | XOM: confuse monster(s)
  2340 | D:4      | XOM: summons friendly shadow imp
  2361 | D:4      | Reached XP level 6. HP: 34/40 MP: 6/6
  2387 | D:4      | XOM: blink monster(s)
  2394 | D:4      | XOM: divination: magic mapping
  2417 | D:4      | XOM: scenery: create altars
  2426 | D:4      | XOM: summons 2 friendly demons
  2440 | D:4      | Reached skill level 5 in Fighting
  2442 | D:4      | XOM: smoke on damage
  2444 | D:4      | Noticed an orc warrior
  2552 | D:4      | Reached skill level 1 in Dodging
  2619 | D:4      | XOM: scenery: create altars
  2721 | D:4      | XOM: give mutations
  2721 | D:4      | Gained mutation: You have hidden genetic potential. [Xom's
                  | grace]
  2721 | D:4      | Gained mutation: Your spells are a little harder to cast,
                  | but a little more powerful. [Xom's grace]
  2721 | D:4      | Gained mutation: You possess an exceptional clarity of
                  | mind. [Xom's grace]
  2729 | D:4      | Reached skill level 5 in Maces & Flails
  2729 | D:4      | Reached XP level 7. HP: 44/44 MP: 7/7
  2747 | D:4      | Reached skill level 5 in Armour
  2913 | D:4      | Gained mutation: You have supernaturally acute eyesight.
                  | (SInv) [hidden potential]
  2917 | D:4      | Reached skill level 1 in Evocations
  2921 | D:4      | Found an ancient bone altar of Kikubaaqudgha.
  2992 | D:4      | Reached XP level 8. HP: 47/49 MP: 8/8
  3095 | D:5      | Entered Level 5 of the Dungeon
  3119 | D:5      | XOM: scenery: create altars
  3121 | D:5      | XOM: summons friendly crimson imp
  3164 | D:5      | XOM: summons friendly crimson imp
  3180 | D:5      | Reached skill level 6 in Maces & Flails
  3228 | D:5      | Gained mutation: You are strong-willed. (Will+) [hidden
                  | potential]
  3228 | D:5      | Lost mutation: You have hidden genetic potential. [hidden
                  | potential expressed]
  3286 | D:5      | Found a sacrificial altar of Ru.
  3417 | D:5      | Found a runed translucent door.
  3418 | D:5      | Noticed Crazy Yiuf
  3450 | D:5      | XOM: cast spell 'Summon Cactus Giant'
  3522 | D:5      | Noticed Grinder
  3545 | D:5      | Grinder changed into Grinder the hell beast
  3545 | D:5      | Noticed Grinder
  3545 | D:5      | XOM: polymorph Grinder -> Grinder the hell beast
  3548 | D:5      | XOM: 2-stop teleportation journey
  3611 | D:5      | XOM: cast spell 'Metabolic Englaciation'
  3646 | D:5      | XOM: silly message
  3667 | D:5      | Reached skill level 7 in Maces & Flails
  3667 | D:5      | Reached XP level 9. HP: 36/54 MP: 9/9
  3745 | D:5      | XOM: cleaving
  3753 | D:5      | Slain by Grinder the hell beast

Illustrated notes

Levels and vault maps discovered:
D:1:      minmay_arrival_three_doors, layout_basic, minmay_misc_feat_nine_boxes,
          chequers_jeans
D:2:      layout_loops_ring, hellmonk_ecumenical_altar_arch_garden
D:3:      layout_basic, nicolae_overflow_crystal_walls, serial_shops, shop
D:4:      layout_cave_pools, lemuel_mausoleum_altar_kikubaaqudgha
D:5:      layout_gridville, nicolae_ru_great_annihilating_truth,
          nrook_mini_vaults, uniq_grinder, uniq_crazy_yiuf_cottage

Skill      XL: |  1  2  3  4  5  6  7  8 |
---------------+-------------------------+-----
Armour         | 3 4 5 |  5.2
Fighting       | 4 5 |  5.2
Maces & Flails | 4 5 7 |  7.1
Dodging        | 1 2 4 |  4.3
Evocations     | 1 4 |  4.0

Action                   |  1- 3 |  4- 6 |  7- 9 || total
-------------------------+-------+-------+-------++-------
Melee: Mace              |    40 |       |       ||    40
       Dagger            |    76 |   174 |   286 ||   536
       Punch             |     1 |     1 |     2 ||     4
Evoke: Piece from Xom's  |     1 |     6 |     3 ||    10
       Wand              |       |       |     6 ||     6
  Use: Scroll            |     3 |     1 |     1 ||     5
 Stab: Distracted        |       |       |     2 ||     2
       Invisible         |       |       |     1 ||     1
       Paralysed         |       |       |     1 ||     1
Armor: Leather armour    |    47 |    81 |   141 ||   269
Dodge: Dodged            |    81 |   114 |   167 ||   362

Table legend: (Time is in decaauts)
 A = Elapsed time spent in this place.
 B = Non-inter-level travel time spent in this place.
 C = Inter-level travel time spent in this place.
 D = Time resting spent in this place.
 E = Time spent auto-exploring this place.
 F = Levels seen in this place.
 G = Mean time per level.
                   A        B        C        D        E       F      G
               +--------+--------+--------+--------+--------+-----+--------+
         Total |   3761 |   3592 |    169 |     51 |   2254 |   5 |  752.2 |
       Dungeon |   3761 |   3592 |    169 |     51 |   2254 |   5 |  752.2 |
               +--------+--------+--------+--------+--------+-----+--------+

Top non-repeatable levels by time:
     D:1: 873 daAuts
     D:4: 806 daAuts
     D:3: 747 daAuts
     D:2: 676 daAuts
     D:5: 657 daAuts
